Map: Dead of Night

Players

NamroodTuo

  • Race: Terran Terran
  • Spawn Location: 0:00

котикВАСЯ

  • Race: Zerg Zerg
  • Spawn Location: 0:00

VOD

Have the link to the VOD?

Description

Time

  • Played on: Jan. 14, 2023, 7:43 a.m.
  • Length: 48:46
Show
View Real Time Build Order
Export as new Build Order

NamroodTuo Terran 

Build Orders:  

Get SALT Encoding   

  12  0:04  SCV  
  13  0:18  SCV  
  14  0:31  SCV  
  14  0:36  Factory  
  15  0:48  Supply Depot  
  15  0:53  Supply Depot  
  15  1:23  SCV  
  16  1:33  Supply Depot  
  16  1:34  Hellbat  
  16  1:37  SCV  
  19  1:50  SCV  
  20  2:02  Perdition Turret  
  20  2:04  SCV  
  21  2:17  SCV  
  22  2:26  Perdition Turret  
  22  2:49  SCV  
  22  2:50  Perdition Turret  
  23  3:03  SCV  
  23  3:04  Supply Depot  
  24  3:12  Engineering Bay  
  24  3:14  Perdition Turret  
  24  3:17  SCV  
  25  3:23  Hellbat  
  27  3:30  SCV  
  27  3:37  Perdition Turret  
  28  3:44  SCV  
  28  3:47  Hellbat  
  31  4:02  Perdition Turret  
  31  4:10  Hellbat  
  31  4:19  Supply Depot  
  33  4:27  Perdition Turret  
  33  4:29  Armory  
  33  4:48  Devastation Turret  
  33  4:51  Perdition Turret  
  33  5:14  Perdition Turret  
  33  5:16  Devastation Turret  
  33  5:38  Perdition Turret  
  33  5:46  Devastation Turret  
  33  5:47  Refinery  
  33  5:52  Refinery  
  33  5:54  SCV  
  33  5:55  Refinery  
  34  6:07  Supply Depot  
  34  6:08  SCV  
  35  6:16  Perdition Turret  
  35  6:21  SCV  
  36  6:35  SCV  
  37  6:41  Supply Depot  
  37  6:48  SCV  
  38  7:02  SCV  
  39  7:11  Goliath  
  39  7:13  Supply Depot  
  39  7:15  SCV  
  42  7:24  Upgrade Laser Drill Level 1  
  42  7:29  SCV  
  43  7:42  SCV  
  43  7:43  Goliath  
  43  7:47  Supply Depot  
  46  7:56  SCV  
  47  8:10  SCV  
  48  8:21  Supply Depot  
  48  8:23  SCV  
  47  8:39  Structure Armor  
  47  8:41  Terran Vehicle And Ship Armor Level 1  
  47  8:42  Factory Tech Lab  
  47  9:05  Spinning Dizzy  
  47  9:28  Devastation Turret  
  47  9:39  Hi-Sec Auto Tracking  
  47  9:42  SCV  
  48  9:53  Supply Depot  
  48  9:55  SCV  
  48  9:57  Devastation Turret  
  49  10:09  SCV  
  42  10:23  SCV  
  42  10:26  Supply Depot, Devastation Turret  
  41  10:36  SCV  
  42  10:56  Spinning Dizzy  
  42  10:58  Supply Depot  
  42  11:04  SCV  
  43  11:16  Perdition Turret, Devastation Turret  
  43  11:18  SCV  
  44  11:21  Terran Vehicle and Ship Weapons Level 1  
  44  11:29  Supply Depot  
  44  11:31  SCV  
  45  11:44  Devastation Turret  
  45  11:45  SCV  
  45  11:49  Goliath  
  48  11:58  SCV  
  49  12:00  Supply Depot  
  49  12:03  Perdition Turret  
  49  12:15  Devastation Turret  
  49  12:18  Devastation Turret  
  49  12:21  Goliath  
  49  12:23  Perdition Turret  
  49  12:29  Perdition Turret  
  51  12:32  Supply Depot  
  51  12:46  Devastation Turret  
  51  12:50  Perdition Turret  
  51  12:52  Perdition Turret  
  51  12:53  Goliath  
  51  12:54  Perdition Turret  
  51  12:56  Perdition Turret  
  53  13:00  Perdition Turret x3  
  53  13:04  Supply Depot  
  53  13:05  Perdition Turret  
  53  13:09  Perdition Turret  
  53  13:14  Devastation Turret  
  53  13:15  Perdition Turret  
  53  13:21  Perdition Turret  
  53  13:25  Goliath  
  53  13:27  Perdition Turret  
  55  13:30  Perdition Turret  
  55  13:37  Perdition Turret, Supply Depot  
  55  13:39  Perdition Turret  
  55  13:41  Perdition Turret  
  55  13:43  Perdition Turret, Devastation Turret  
  55  13:44  Perdition Turret x2  
  55  13:45  Perdition Turret  
  55  13:54  Perdition Turret  
  55  13:57  Goliath, Perdition Turret  
  57  14:00  Perdition Turret  
  57  14:03  Perdition Turret, Devastation Turret  
  57  14:08  Perdition Turret  
  57  14:11  Devastation Turret  
  57  14:12  Perdition Turret  
  57  14:20  Perdition Turret  
  57  14:24  Perdition Turret  
  57  14:30  Perdition Turret  
  57  14:31  Perdition Turret  
  57  14:32  Perdition Turret, Devastation Turret  
  57  14:33  Perdition Turret  
  57  14:34  Perdition Turret x2  
  57  14:39  Perdition Turret  
  57  14:42  Perdition Turret  
  57  14:44  Perdition Turret x2  
  57  14:45  Perdition Turret  
  57  14:46  Perdition Turret  
  57  14:50  SCV  
  57  14:54  Goliath  
  57  14:55  Perdition Turret  
  57  14:57  Perdition Turret  
  57  14:58  Perdition Turret x2  
  57  14:59  Perdition Turret  
  60  15:00  Devastation Turret  
  60  15:01  Perdition Turret  
  60  15:04  SCV  
  60  15:05  Perdition Turret  
  60  15:09  Perdition Turret  
  61  15:11  Perdition Turret  
  61  15:14  Perdition Turret  
  61  15:17  SCV  
  62  15:23  Factory  
  62  15:25  Perdition Turret  
  62  15:26  Goliath  
  62  15:27  Perdition Turret  
  62  15:28  Factory  
  62  15:29  Perdition Turret, Devastation Turret  
  64  15:30  Perdition Turret x2  
  64  15:31  SCV  
  64  15:33  Perdition Turret  
  65  15:44  SCV  
  66  15:50  Perdition Turret  
  66  15:57  Devastation Turret  
  66  15:58  Goliath  
  68  16:14  Perdition Turret  
  68  16:26  Devastation Turret  
  68  16:30  Goliath  
  68  16:38  Perdition Turret  
  70  16:55  Devastation Turret  
  70  17:02  Goliath, Perdition Turret  
  70  17:23  Devastation Turret  
  70  17:28  Devastation Turret  
  64  17:48  Goliath x2  
  64  17:49  Goliath  
  70  17:51  Perdition Turret  
  70  17:55  Devastation Turret  
  70  18:09  Devastation Turret  
  70  18:19  Devastation Turret  
  70  18:20  Goliath x3  
  70  18:23  Devastation Turret  
  76  18:36  Devastation Turret  
  76  18:47  Spinning Dizzy  
  76  18:52  Goliath x3, Devastation Turret  
  76  18:56  Perdition Turret  
  82  19:04  Spinning Dizzy  
  82  19:07  Spinning Dizzy  
  82  19:20  Perdition Turret, Spinning Dizzy  
  82  19:24  Goliath x3  
  82  19:26  Devastation Turret  
  82  19:28  Spinning Dizzy  
  88  19:41  Supply Depot  
  88  19:42  Spinning Dizzy  
  88  19:45  Perdition Turret  
  88  19:51  Terran Vehicle and Ship Weapons Level 2, Spinning Dizzy  
  88  19:56  Goliath x2  
  92  20:02  Spinning Dizzy  
  92  20:03  Perdition Turret  
  92  20:10  Spinning Dizzy  
  92  20:12  Spinning Dizzy, Supply Depot  
  92  20:22  Perdition Turret  
  92  20:28  Perdition Turret x2  
  92  20:31  Spinning Dizzy  
  92  20:44  Supply Depot  
  92  20:52  Perdition Turret  
  92  20:53  Perdition Turret  
  92  20:55  Perdition Turret  
  92  20:59  Perdition Turret x2  
  92  21:15  Supply Depot  
  92  21:16  Goliath x3  
  92  21:18  Perdition Turret  
  98  21:28  Perdition Turret x3  
  98  21:29  Perdition Turret  
  98  21:31  Perdition Turret x2  
  98  21:32  Perdition Turret x3  
  98  21:33  Perdition Turret x3  
  98  21:34  Perdition Turret  
  98  21:35  Perdition Turret x2  
  98  21:36  Perdition Turret x4  
  98  21:37  Perdition Turret x2  
  98  21:38  Perdition Turret  
  98  21:40  Perdition Turret  
  98  21:42  Perdition Turret x2  
  98  21:43  Perdition Turret  
  98  21:44  Perdition Turret  
  98  21:45  Perdition Turret  
  98  21:46  Supply Depot  
  98  21:48  Goliath x3  
  104  21:57  Perdition Turret  
  104  22:00  Perdition Turret  
  104  22:02  Perdition Turret  
  104  22:03  Perdition Turret x2  
  104  22:07  Perdition Turret  
  104  22:17  Perdition Turret  
  104  22:18  Supply Depot  
  104  22:19  Infernal Pre-Igniter  
  104  22:20  Goliath x3  
  104  22:26  Perdition Turret  
  104  22:28  Perdition Turret  
  104  22:29  SCV, Perdition Turret x2  
  110  22:30  Perdition Turret  
  110  22:31  Perdition Turret  
  111  22:41  Perdition Turret  
  111  22:42  Perdition Turret  
  111  22:43  Starport, Perdition Turret  
  111  22:46  Perdition Turret  
  111  22:47  Perdition Turret  
  111  22:48  Perdition Turret x3  
  111  22:49  Supply Depot  
  111  22:52  Goliath x3, Perdition Turret  
  111  22:53  Perdition Turret  
  111  22:55  Perdition Turret x2  
  111  22:56  Perdition Turret x2  
  111  22:58  Perdition Turret  
  117  23:01  Terran Vehicle And Ship Armor Level 2  
  117  23:02  Perdition Turret  
  116  23:19  Maelstrom Rounds, Supply Depot  
  116  23:20  Perdition Turret  
  116  23:24  Goliath x3  
  122  23:31  Perdition Turret x2  
  122  23:36  Starport  
  122  23:44  Spinning Dizzy  
  122  23:52  Supply Depot  
  122  23:56  Goliath x3  
  128  24:06  Spinning Dizzy  
  124  24:19  Infernal Plating  
  124  24:27  Goliath  
  124  24:28  Goliath x2  
  128  24:31  Spinning Dizzy  
  120  24:52  Perdition Turret  
  120  24:59  Goliath  
  122  25:00  Goliath x2  
  124  25:16  Perdition Turret  
  124  25:19  Targeting Optics  
  116  25:31  Goliath  
  116  25:32  Goliath  
  120  25:47  Goliath  
  122  26:03  Goliath  
  122  26:04  Goliath  
  126  26:19  Goliath, Ares-Class Targeting System  
  128  26:35  Goliath x2  
  130  26:51  Goliath  
  132  27:07  Goliath x2  
  136  27:23  Goliath  
  138  27:39  Goliath x2  
  142  27:55  Goliath  
  144  28:24  Perdition Turret  
  144  28:32  Perdition Turret  
  144  28:33  Perdition Turret x5  
  144  28:34  Terran Vehicle and Ship Weapons Level 3  
  144  28:40  Perdition Turret  
  144  28:45  Perdition Turret x3  
  144  29:07  Starport Tech Lab x2  
  144  29:13  Perdition Turret x2  
  144  29:15  Perdition Turret  
  144  29:16  Perdition Turret x5  
  144  29:37  Perdition Turret  
  144  29:38  Perdition Turret x2  
  144  29:41  Perdition Turret  
  144  29:42  Perdition Turret x3  
  144  29:43  Perdition Turret  
  144  30:00  Perdition Turret  
  144  30:05  Perdition Turret  
  144  30:06  Perdition Turret x2  
  144  30:11  Perdition Turret x2  
  144  30:12  Perdition Turret  
  144  30:13  Perdition Turret  
  144  30:14  Perdition Turret  
  144  30:16  Perdition Turret x2  
  144  30:23  Perdition Turret  
  144  30:24  Perdition Turret  
  144  30:26  Perdition Turret  
  144  30:33  Perdition Turret x3  
  144  30:34  Perdition Turret  
  144  30:35  Perdition Turret  
  144  30:45  Perdition Turret x2  
  144  30:46  Perdition Turret  
  144  30:50  Perdition Turret  
  144  30:53  Perdition Turret  
  143  31:04  Perdition Turret x2  
  143  31:06  Perdition Turret  
  143  31:09  Perdition Turret  
  143  31:21  Perdition Turret  
  143  31:23  Perdition Turret  
  143  31:26  Perdition Turret x3  
  142  31:42  Perdition Turret  
  142  31:56  Perdition Turret  
  142  32:06  Perdition Turret  
  142  32:14  Terran Vehicle And Ship Armor Level 3  
  142  32:21  Perdition Turret  
  142  32:30  Devastation Turret  
  142  32:45  Perdition Turret  
  142  32:58  Devastation Turret  
  136  33:27  Spinning Dizzy  
  134  35:46  Perdition Turret x2  
  134  35:47  Perdition Turret  
  134  35:51  Perdition Turret  
  134  35:52  Perdition Turret x2  
  134  36:07  Perdition Turret x3  
  134  36:08  Perdition Turret x3  
  134  36:13  Devastation Turret  
  134  36:19  Perdition Turret  
  134  36:22  Perdition Turret  
  134  36:25  Perdition Turret x2  
  134  36:28  Perdition Turret  
  134  36:33  Devastation Turret  
  134  36:34  Perdition Turret x2  
  134  36:39  Perdition Turret x2  
  134  36:40  Perdition Turret x3  
  134  36:41  Perdition Turret, Devastation Turret  
  134  36:58  Perdition Turret x3  
  134  37:01  Spinning Dizzy  
  134  37:02  Perdition Turret  
  134  37:08  Devastation Turret  
  132  37:10  Perdition Turret x3  
  132  37:11  Perdition Turret  
  132  37:32  Perdition Turret x3  
  132  37:37  Perdition Turret  
  132  37:38  Devastation Turret  
  132  37:39  Perdition Turret x2  
  129  37:43  Perdition Turret x3  
  129  37:44  Perdition Turret x2  
  129  37:45  Perdition Turret x5  
  129  37:56  Perdition Turret  
  129  37:57  Perdition Turret x2  
  129  37:59  Perdition Turret x4  
  129  38:05  Devastation Turret  
  129  38:15  Perdition Turret x3  
  129  38:16  Perdition Turret x2  
  129  38:30  Perdition Turret  
  129  38:31  Perdition Turret  
  129  38:32  Perdition Turret  
  129  38:33  Perdition Turret  
  129  38:35  Spinning Dizzy  
  129  38:45  Perdition Turret  
  129  38:46  Perdition Turret x4  
  129  38:47  Perdition Turret  
  129  38:53  Perdition Turret x2  
  129  38:55  Perdition Turret  
  129  38:56  Spinning Dizzy  
  129  39:02  Perdition Turret  
  129  39:05  Perdition Turret  
  129  39:07  Perdition Turret  
  129  39:08  Perdition Turret  
  129  39:13  Perdition Turret, Pulse Amplifier  
  129  39:15  Improved Nano-Repair  
  129  39:17  Perdition Turret x2  
  129  39:19  Perdition Turret x2  
  129  39:20  Perdition Turret x2  
  129  39:21  Wraith  
  129  39:22  Wraith  
  129  39:23  Perdition Turret x4  
  129  39:25  Perdition Turret  
  129  39:26  Perdition Turret x4  
  129  39:27  Perdition Turret x2  
  129  39:28  Perdition Turret x2  
  131  39:31  Perdition Turret  
  131  39:32  Perdition Turret x2  
  131  39:40  Starport  
  131  40:01  Wraith x2  
  133  40:41  Wraith x2  
  133  40:44  Wraith  
  139  41:21  Wraith x2  
  139  41:24  Wraith  
  145  42:01  Wraith x2  
  145  42:04  Wraith  
  149  42:41  Wraith x2  
  155  43:09  Starport Tech Lab, Wraith  
  155  43:21  Wraith x2  
  159  43:49  Wraith  
  161  44:07  Perdition Turret x2  
  161  44:08  Perdition Turret x2  
  161  44:11  Perdition Turret  
  161  44:12  Perdition Turret  
  161  44:13  Perdition Turret  
  161  44:35  Perdition Turret x3  
  161  44:43  Perdition Turret  
  161  44:44  Perdition Turret  
  155  44:52  Perdition Turret x3  
  155  44:53  Perdition Turret  
  153  45:03  Perdition Turret x2  
  151  45:19  Perdition Turret x3  
  147  45:20  Perdition Turret x2  
  147  45:24  Perdition Turret x2  
  147  45:39  Perdition Turret x3  
  147  45:47  Perdition Turret  
  147  45:48  Perdition Turret  
  147  45:49  Perdition Turret  
  147  45:56  Perdition Turret x3  
  147  46:04  Perdition Turret  
  147  46:05  Perdition Turret x2  
  147  46:06  Perdition Turret  
  147  46:19  Perdition Turret  
  147  46:20  Perdition Turret x2  
  147  46:21  Perdition Turret  
  147  46:26  Perdition Turret  
  147  46:32  Perdition Turret  
  147  46:33  Perdition Turret  
  147  46:36  Perdition Turret  
  147  46:42  Perdition Turret  
  147  46:43  Perdition Turret x2  
  147  46:49  Perdition Turret x2  
  147  46:50  Perdition Turret x3  
  147  46:51  Perdition Turret  
  147  46:52  Perdition Turret  
  147  47:13  Perdition Turret  
  147  47:14  Perdition Turret x2, Devastation Turret  
  147  47:15  Perdition Turret x3, Devastation Turret  
  147  47:16  Perdition Turret  
  147  47:17  Perdition Turret x6, Devastation Turret  
  147  47:18  Devastation Turret  
  147  47:23  Devastation Turret x2  
  147  47:24  Perdition Turret x2  
  147  47:25  Perdition Turret x2, Devastation Turret  
  147  47:28  Perdition Turret x3  
  147  47:30  Perdition Turret  
  147  47:33  Perdition Turret x2  
  147  47:34  Perdition Turret  
  147  47:35  Perdition Turret  
  147  47:36  Perdition Turret  
  147  47:39  Perdition Turret  
  147  47:50  Perdition Turret  
Show
View Real Time Build Order
Export as new Build Order

котикВАСЯ Zerg 

Build Orders:  

Get SALT Encoding   

  12  0:29  Drone  
  13  0:31  Drone  
  14  0:41  Overlord x2  
  14  1:14  Drone  
  14  1:15  Drone  
  14  1:16  Drone x2  
  14  1:17  Drone  
  14  1:18  Drone  
  20  1:58  Extractor  
  19  2:10  Extractor  
  18  20:39  Overlord  
  18  20:40  Overlord x5  
  18  20:41  Overlord x3  
  18  22:51  Drone x3  
  18  22:52  Drone x6  
  27  23:11  Evolution Chamber  
  26  23:21  Roach Warren  
  25  27:47  Overlord  
  25  27:48  Overlord x8  
  25  27:52  Glial Reconstitution  
  25  27:55  Zerg Missile Weapons Level 1  
  25  28:12  Hatchery  
  25  28:18  Lair  
  24  29:42  Hydriodic Bile  
  24  29:51  Spire  
  23  30:32  Zerg Flyer Weapons Level 1  
  23  30:35  Zerg Ground Armor Level 1  
  23  30:56  Infestation Pit  
  22  31:32  Bloated Bile Ducts  
  22  31:39  Unknown, Ventral Sacs  
  22  33:02  Tunneling Claws  
  22  33:12  Zerg Flyer Armor Level 1  
  22  34:32  Hive  
  22  34:41  Lair  
  22  35:35  Mutalisk x2  
  22  35:36  Mutalisk x6  
  22  35:37  Mutalisk x5  
  22  35:38  Mutalisk x4  
  22  35:39  Mutalisk  
  58  35:49  Zerg Missile Weapons Level 2  
  58  35:52  Rapid Regeneration  
  58  36:52  Vicious Glave  
  58  37:05  Mutalisk  
  58  37:06  Mutalisk x16  
  58  37:07  Mutalisk  
  94  37:14  Mutalisk  
  94  37:42  Leviathan  
  92  38:22  Zerg Flyer Weapons Level 2  
  92  38:25  Mutalisk  
  86  38:53  Leviathan  
  86  38:59  Zerg Ground Armor Level 2  
  68  41:32  Zerg Flyer Armor Level 2  
  68  42:13  Mutalisk  
  66  42:41  Leviathan  
  66  43:23  Hive  
  66  43:26  Zerg Missile Weapons Level 3  
  66  43:56  Swarm Host  
  66  43:57  Swarm Host x17  
  120  44:03  Pressurized Glands  
  120  44:42  Zerg Flyer Weapons Level 3  
Tags
 
Commander
AbathurSwann
Matchup
Co-op
Replay Pack
Multiplayer
Add a new tag
Caveats
  • Supply blocks, unpowered buildings, or Contaminate may cause inaccurate times.
  • Supply counts are checked every 10 seconds.